 Dungeon Crawl Stone Soup version 0.23.1-38-g628c18f (webtiles) character file.

Game seed: 3062463711058184039

102 doot the Conjurer (level 4, -4/24 HPs)
             Began as a Tengu Conjurer on Mar 28, 2019.
             Slain by Crazy Yiuf
             ... wielding a +4 quarterstaff of chaos
              (11 damage)
             ... while paralysed by Crazy Yiuf
             ... on level 4 of the Dungeon.
             The game lasted 00:04:18 (2174 turns).

doot the Conjurer (Tengu Conjurer)                  Turns: 2174, Time: 00:04:18

Health: -4/24      AC:  4    Str:  9    XL:     4   Next: 77%
Magic:  1/8        EV:  2    Int: 16    God:
Gold:   89         SH:  0    Dex: 16    Spells: 2/8 levels left

rFire    x . .     SeeInvis .   j - +0 war axe
rCold    + . .     Gourm    .   (no shield)
rNeg     . . .     Faith    .   k - +0 leather armour
rPois    .         Spirit   .   (helmet restricted)
rElec    .         Reflect  .   (no cloak)
rCorr    .         Harm     .   g - +0 pair of gloves
MR       .....                  (boots unavailable)
Stlth    ++........             (no amulet)
HPRegen  0.08/turn              d - +2 ring of dexterity
MPRegen  0.11/turn              i - ring of ice

@: paralysed, very slightly contaminated, invisible
A: beak, talons 3
a: no special abilities


You were on level 4 of the Dungeon.
You were very hungry.

You visited 1 branch of the dungeon, and saw 4 of its levels.

You collected 89 gold pieces.

Inventory:

Hand Weapons
 j - a +0 war axe (weapon)
Armour
 a - a +0 robe
 g - a +0 pair of gloves (worn)
 k - a +0 leather armour (worn)
Jewellery
 d - a +2 ring of dexterity (left hand)
 i - a ring of ice (right hand)
Scrolls
 b - a scroll of identify {unknown}
 e - a scroll of enchant armour {unknown}
 f - a scroll of enchant weapon {unknown}
 h - a scroll of blinking {unknown}
 l - a scroll of random uselessness {unknown}
Potions
 m - a potion of lignification {unknown}
Comestibles
 c - 4 rations


   Skills:
 + Level 0.8 Axes
 + Level 3.0 Dodging
 + Level 2.4 Stealth
 + Level 2.6 Spellcasting
 + Level 6.6 Conjurations


You had 2 spell levels left.
You knew the following spells:

 Your Spells              Type           Power        Failure   Level  Hunger
a - Magic Dart            Conj           ###.         1%          1    #......
b - Searing Ray           Conj           ###...       2%          2    ##.....
c - Dazzling Spray        Conj/Hex       ##....       22%         3    ###....

Your spell library contained the following spells:

 Spells                   Type           Power        Failure   Level  Hunger
 Iskenderun's Mystic Bla  Conj           ###.....     19%         4    #####..
 Force Lance              Conj/Tloc      ##......     56%         4    #####..
 Fulminant Prism          Conj/Hex       ##........   56%         4    #####..


Dungeon Overview and Level Annotations

Branches:
Dungeon (4/15)
 Temple: D:4-7

Altars:

Annotations:
D:4 Crazy Yiuf


Innate Abilities, Weirdness & Mutations

You have a beak for a mouth.
You have claws for feet.


Message History

Aiming: Searing Ray (safe; 2% risk of failure)
Press: ? - help, Shift-Dir - straight line, f/p - Crazy Yiuf
Aim: Crazy Yiuf, wielding a +4 quarterstaff of chaos and wearing a +2 cloak of poison resistance (moderately wounded, blind, hasn't noticed you)
The searing ray misses Crazy Yiuf. (Press . to maintain the ray.) Crazy Yiuf says, "Race infinity arm!"
Crazy Yiuf barely misses you.
The searing ray misses Crazy Yiuf.
Crazy Yiuf is no longer blind.
Crazy Yiuf hits you but does no damage.
The searing ray hits Crazy Yiuf.
Crazy Yiuf is moderately wounded.
Crazy Yiuf cries, "You leg down broken song, no?"
Crazy Yiuf hits you with a +4 quarterstaff of chaos!
You suddenly lose the ability to move!
Crazy Yiuf hits you with a +4 quarterstaff of chaos!
* * * LOW HITPOINT WARNING * * *
You fade into invisibility!
You are very lightly contaminated with residual magic.
Crazy Yiuf hits you with a +4 quarterstaff of chaos!
You die...

#.# #.#
#####
#.#
#..)#
#.#
#...#
#.# ...
#.# #'#
#.# ♣♣g♣
#.# ♣@♣♣
#.# ♣♣.♣
#.# ♣.♣♣
#.#
♣♣.♣♣
#.#
♣...♣♣
#.#
♣....♣
#.#
##..##
#.#
#....###
#.#
##...#.#
#.#


You could see Crazy Yiuf.

Vanquished Creatures
  A worker ant (D:4)
  2 adders
  An ooze (D:1)
  A worm (D:2)
  2 leopard geckos
  An orc (D:3)
  5 giant cockroaches
  5 hobgoblins
  9 jackals
  2 ball pythons
  3 bats
  6 frilled lizards
  5 goblins
  A rat (D:2)
44 creatures vanquished.

Notes
Turn   | Place    | Note
-------+----------+-------------------------------------------
     0 | D:1      | doot the Tengu Conjurer began the quest for the Orb.
     0 | D:1      | Reached XP level 1. HP: 10/10 MP: 4/4
    97 | D:1      | Reached XP level 2. HP: 11/15 MP: 0/6
   204 | D:1      | Learned a level 2 spell: Searing Ray
   409 | D:1      | Reached skill level 6 in Conjurations
   409 | D:1      | Reached XP level 3. HP: 17/19 MP: 3/7
   467 | D:1      | Learned a level 3 spell: Dazzling Spray
  1612 | D:3      | Reached XP level 4. HP: 18/24 MP: 1/8
  2069 | D:4      | Found a runed translucent door.
  2070 | D:4      | Noticed Crazy Yiuf
  2172 | D:4      | Paralysed by Crazy Yiuf for 6 turns
  2174 | D:4      | Slain by Crazy Yiuf

Skill      XL: |  1  2  3  4 |
---------------+-------------+-----
Conjurations   | 6 |  6.6
Dodging        | 3 |  3.0
Axes           | |  0.8
Stealth        | |  2.4
Spellcasting   | |  2.6

Action                   |  1- 3 |  4- 6 || total
-------------------------+-------+-------++-------
Melee: Unarmed           |     2 |       ||     2
       War axe           |    13 |       ||    13
       Kick              |     2 |       ||     2
       Peck              |     1 |       ||     1
 Cast: Magic Dart        |    46 |     7 ||    53
       Searing Ray       |     6 |     3 ||     9
       Dazzling Spray    |       |     1 ||     1
  Eat: Chunk             |     3 |     1 ||     4
Armor: Robe              |     7 |       ||     7
       Leather armour    |    12 |       ||    12
Dodge: Dodged            |    36 |    11 ||    47
